 Dungeon Crawl Stone Soup version 0.27.1-2-g3b301248ec (webtiles) character file.

Game seed: 7373316121247842275

98 Borgoz the Skirmisher (level 4, -3/29 HPs)
             Began as a Gargoyle Berserker on Sept 26, 2021.
             Was a Believer of Trog.
             Slain by a goblin (6 damage)
             ... led by Robin
             ... on level 2 of the Dungeon.
             The game lasted 00:01:15 (1586 turns).

Borgoz the Skirmisher (Gargoyle Berserker)          Turns: 1586, Time: 00:01:15

Health: -3/29      AC:  5    Str: 21    XL:     4   Next: 69%
Magic:  4/4        EV: 12    Int:  8    God:    Trog [**....]
Gold:   14         SH:  0    Dex:  9    Spells: 3/3 levels left

rFire    . . .     SeeInvis .   a - +0 mace
rCold    . . .     Faith    .   (no shield)
rNeg     + . .     Spirit   .   b - +0 animal skin
rPois    ∞         Reflect  .   (no helmet)
rElec    +         Harm     .   (no cloak)
rCorr    .         Rampage  .   (no gloves)
Will     ++...                  (no boots)
Stlth    +.........             (no amulet)
HPRegen  1.09/turn              (no ring)
MPRegen  0.09/turn              (no ring)

@: about to teleport, strong-willed (expiring), on berserk cooldown, attractive,
regenerating (expiring), slowed, very slow
A: sickness immunity, AC +3, negative energy resistance 1, electricity
resistance, torment resistance 1, petrification resistance
a: Renounce Religion, Berserk, Trog's Hand


You were on level 2 of the Dungeon.
You worshipped Trog.
Trog was pleased with you.
You visited 1 branch of the dungeon, and saw 2 of its levels.

You collected 14 gold pieces.

Inventory:

Hand Weapons
 a - a +0 mace (weapon)
Armour
 b - a +0 animal skin (worn)
Scrolls
 c - 2 scrolls of identify {unknown}
 e - a scroll of amnesia {unknown}
 f - a scroll of fear {unknown}


   Skills:
 * Level 4.1 Fighting
 * Level 3.6 Maces & Flails
 * Level 3.3 Armour
 + Level 2.1 Dodging


You had 3 spell levels left.
You didn't know any spells.
Your spell library was empty.

Dungeon Overview and Level Annotations

Branches:
Dungeon (2/15)

Altars:

Annotations:
D:2 Robin


Innate Abilities, Weirdness & Mutations

You are immune to sickness and miasma.
Your stone body is resilient. (AC +3)
You are immune to poison.
You resist negative energy. (rN+)
You are resistant to electric shocks. (rElec)
You are resistant to unholy torment.
You are immune to petrification.


Message History

Robin hits you with a +2 spear of flaming.
* * * LOW HITPOINT WARNING * * *
Robin burns you.
* * * LOW HITPOINT WARNING * * *
You barely miss Robin.
Robin is heavily wounded.
The goblin misses you. Robin hits you but does no damage.
The goblin hits you but does no damage.
Robin roars a battlecry!
The goblin goes into a battle-frenzy!
It was a potion of attraction.
You feel attractive to monsters. The goblin misses you.
The goblin barely misses you.
It was a potion of curing.
You feel better. The goblin hits you with a +0 club.
Robin roars a battlecry!
The goblin goes into a battle-frenzy!
You hit Robin but do no damage.
Robin is heavily wounded.
The goblin hits you with a +0 club. Robin hits you but does no damage.
The goblin hits you with a +0 club.
* * * LOW HITPOINT WARNING * * *
Robin hits you with a +2 spear of flaming.
* * * LOW HITPOINT WARNING * * *
Robin burns you.
* * * LOW HITPOINT WARNING * * *
You aren't carrying any potions.
Unknown command.
As you read the scroll labelled ICOONIUVVAGH, it crumbles to dust.
You feel strangely unstable.
It was a scroll of teleportation.
You feel the effects of Trog's Hand fading.
The goblin hits you with a +0 club.
* * * LOW HITPOINT WARNING * * *
The goblin hits you but does no damage.
You hit Robin.
Robin is severely wounded.
The goblin no longer looks unusually strong.
Robin roars a battlecry!
The goblin goes into a battle-frenzy!
The goblin hits you with a +0 club.
You die...

##...g.####.#
#....g. #g#
....g.. #g#
#...g..
##g#######
#..g...
#.........
#.[....
#.g#######
....... #..#
#gg#####


#ggghg@# #.####g# ...# #)# ##### #.# .######## #.# ........####.# :.......'....#
........###### ........# You could see Robin, a jackal, a hobgoblin (strong) and
5 goblins.

Vanquished Creatures
  Jessica (D:2)
  2 adders
  A dart slug (D:1)
  6 endoplasms (D:1)
  2 giant cockroaches
  10 goblins
  4 hobgoblins
  3 jackals
  3 quokkas
  6 ball pythons
  3 bats
  A kobold (D:1)
  6 rats (D:1)
48 creatures vanquished.

Notes
Turn   | Place    | Note
-------+----------+-------------------------------------------
     0 | D:1      | Borgoz the Gargoyle Berserker began the quest for the Orb.
     0 | D:1      | Reached XP level 1. HP: 14/14 MP: 1/1
    63 | D:1      | Reached XP level 2. HP: 18/19 MP: 2/2
   443 | D:1      | Reached XP level 3. HP: 15/23 MP: 3/3
   578 | D:1      | Reached ** piety under Trog
  1016 | D:2      | Noticed Jessica
  1228 | D:2      | Killed Jessica
  1229 | D:2      | Reached skill level 4 in Fighting
  1229 | D:2      | Reached XP level 4. HP: 18/29 MP: 4/4
  1537 | D:2      | Noticed Robin
  1580 | D:2      | HP: 1/29 [Robin (2)]
  1585 | D:2      | HP: 1/29 [goblin[Robin] (2)]
  1586 | D:2      | Slain by a goblin

Illustrated notes

Levels and vault maps discovered:
D:1:      saegor_arrival_simple_b, layout_rooms
D:2:      layout_basic, basic_altar, uniq_jessica, uniq_robin

Skill      XL: |  1  2  3 |
---------------+----------+-----
Dodging        | 2 |  2.1
Fighting       | 4 |  4.1
Armour         | 3 |  3.3
Maces & Flails | |  3.6

Action                   |  1- 3 |  4- 6 || total
-------------------------+-------+-------++-------
Melee: Mace              |   104 |    32 ||   136
Invok: Berserk           |     3 |     1 ||     4
       Trog's Hand       |       |     1 ||     1
  Use: Potion            |       |     2 ||     2
       Scroll            |       |     1 ||     1
Armor: Animal skin       |    36 |    34 ||    70
Dodge: Dodged            |    71 |    50 ||   121
